Werope, chaotic female vampiric Wizard --- .. -----.. ...... -- ---- -.... .--- |..---- |.... ----- - .....- |...%.| .. ---...--- ..... --.--.--- -.--- -........... |.||...| |...|------.........- --- |.|---%---- |.|.--.--..-........| ---.--- -- |.| |@...---- |%|.................| --- |.....--- .| |.| --u.....--|%|...........[.....-- ---.--------.......-- .| ---- |.| |........|.|--....| ..........---.%[%)....^......^..| -.| --..---- |.| --.........| |...--- --........|....--------...--..-| --..|--......-- |.-- ----.|.|..| ---...| -.......|.---- |..--|..)| |...||........| |%.| ----|..-- ---.--- |...(....%|-- ---- ---.----..---.--.....-- |..-- --..---- |...| --......%--.-- |.%.%<..|...||).....| --...| --....| ---.-- |.>.....%...| --..%..--.-----....-- |...-- |....| |...---.......--..| |........| |....| |..-- --.--- --...........------ -----.---- ---.-- ---- --- ------------- --- --- Werope the Thaumaturge Experience level: 8 Strength: 12 Dexterity: 10 Constitution: 17 Intelligence: 18 Wisdom: 13 Charisma: 11 Health: 0(75) Energy: 89(114) AC: 5 Gold: 293 Moves: 3719 Your Inventory: Coins $ - 293 gold pieces Weapons a - a blessed +2 quarterstaff (weapon in hands) Armor b - an uncursed +0 cloak of magic resistance (being worn) q - an uncursed -5 pair of hard shoes [iron] u - an [uncursed] +0 pair of hard shoes [iron] (being worn) D - an [uncursed] +0 hard hat [dwarvish iron helm] (being worn) Scrolls O - an [uncursed] scroll of teleportation Spellbooks l - a blessed spellbook of force bolt m - an uncursed spellbook of detect monsters U - a [blessed] spellbook of jumping Potions g - an uncursed potion of confusion h - an uncursed potion of speed o - an uncursed potion of water R - an [uncursed] ruby potion [of booze] V - a [cursed] potion of speed X - an [uncursed] smoky potion [of paralysis] Rings d - an uncursed ring of slow digestion (on right hand) e - an uncursed +2 ring of gain constitution (on left hand) I - an [uncursed] ivory ring [of regeneration] L - an [uncursed] granite ring [of see invisible] Wands c - an uncursed wand of fire (0:1) t - an [uncursed] wand of fire (0:0) Tools n - an uncursed magic whistle B - an [uncursed] pair of lenses (being worn) C - an [uncursed oil] lamp (lit) (0:48) S - an [uncursed +0] unicorn horn Y - an [uncursed tallow] candle Gems w - an [uncursed] gray stone [luckstone] z - an [uncursed] blue gem [sapphire] A - an [uncursed] yellowish brown gem [topaz] E - 3 [uncursed] orange gems [worthless glass] F - an [uncursed] blue gem [aquamarine] H - 2 [uncursed] red gems [worthless glass] J - an [uncursed] yellow gem [citrine] M - an [uncursed] yellow gem [worthless glass] P - 2 [uncursed] black gems [black opal] Q - an [uncursed] yellowish brown gem [worthless glass] T - an [uncursed] blue gem [worthless glass] W - an [uncursed] green gem [worthless glass] Spells known in the end: Name Level Category Fail Memory a - force bolt 1 attack 4% [||||||||] b - detect monsters 1 divination 4% [|||||||.] c - jumping 1 escape 4% [||||||||] Your skills at the end: Fighting Skills Weapon Skills quarterstaff [Basic / Expert] Spellcasting Skills attack spells [Basic / Expert] enchantment spells [Basic / Skilled] Final Attributes: You were piously aligned. Hunger level was 1423. Your alignment was 24 / 28. Monster difficulty range was 1 - 7. Level difficulty was 7. You resisted poison. You were immune to level-drain. You were magic-protected. You saw invisible. You could fly. You could survive without air. You had slower digestion. You regenerated. You were lucky (3). You had extra luck. Bad luck did not time out for you. Good luck did not time out for you. You are dead. Vanquished creatures: 2 small mimics 3 wolves a giant spider a white unicorn a gnome mummy 4 fire ants a bugbear a wood nymph 6 enormous rats a fog cloud 10 gnome lords a kobold mummy a guardian naga hatchling 2 elf zombies a baby crocodile a little dog 2 kittens 11 dwarves 4 rothes 3 dwarf zombies 2 coyotes a gas spore 3 hobbits a large kobold a giant rat a brown mold 52 gnomes a gecko 5 jackals a fox a kobold a goblin 4 grid bugs 3 bats a lichen 3 kobold zombies 2 newts 140 creatures vanquished. Voluntary challenges: You used a wielded weapon 137 times. You read items or engraved 8 times. You put on armor 4 times. You never genocided any monsters. You never polymorphed an object. You never changed form. You used no wishes. You never wrote Elbereth's name. You never encountered a bones level. You never used any Sokoban shortcuts. Dungeon overview: The Dungeons of Doom: levels 1 to 2 Level 1 a long staircase Level 2 an armor shop stairs to The Gnomish Mines The Gnomish Mines: levels 3 to 7 Level 3 stairs to The Dungeons of Doom Level 6 some shops, a temple, a magic chest, some fountains, some trees Level 7 <- You were here History has recorded: On T:1 you entered the Dungeons of Doom to retrieve the Amulet of Yendor! On T:467 you advanced to experience level 2. On T:587 you reached level 2 of The Dungeons of Doom. On T:1085 you advanced to experience level 3. On T:1102 you reached level 1 of The Gnomish Mines. On T:1132 you advanced to experience level 4. On T:1173 you advanced to experience level 5. On T:1438 you advanced to experience level 6. On T:1594 you reached level 2 of The Gnomish Mines. On T:1688 you advanced to experience level 7. On T:2641 you reached level 3 of The Gnomish Mines. On T:2707 you advanced to experience level 8. On T:3118 you reached level 4 of The Gnomish Mines. On T:3465 you reached level 5 of The Gnomish Mines. Latest messages: The fire ant bites! (4x) [HP-10=26] You hit the fire ant! You bite the fire ant. The fire ant bites! (2x) [HP-4=22] You kill the fire ant! [HP+1=23] [HP+1=24] The fire ant bites! (4x) Your lamp flickers considerably. [HP-12=12] The spell hits the fire ant! You kill the fire ant! [HP+1=13] You see here a fire ant corpse. [HP+1=14] The gray unicorn butts! The gray unicorn kicks! You die... Final status: Goodbye Werope the Wizard... You died in The Gnomish Mines on dungeon level 7 with 5104 points, and 293 pieces of gold, after 3719 moves. You were level 8 with a maximum of 75 hit points when you died.